 Dungeon Crawl Stone Soup version 0.22.1-5-g62c59d9 (webtiles) character file.

113 Tr0llz0r the Chopper (level 4, 0/34 HPs)
             Began as a Demonspawn Gladiator on Jan 10, 2019.
             Succumbed to an adder's poison
             ... on level 2 of the Dungeon.
             The game lasted 00:04:30 (1404 turns).

Tr0llz0r the Chopper (Demonspawn Gladiator)         Turns: 1404, Time: 00:04:30

Health: 0/34       AC:  8    Str: 15      XL:     4   Next: 65%
Magic:  4/4        EV: 15    Int:  9 (10) God:
Gold:   220        SH:  0    Dex: 14      Spells: 3/3 levels left

rFire    . . .     SeeInvis .   a - +0 war axe
rCold    . . .     Gourm    .   (no shield)
rNeg     . . .     Faith    .   k - +3 leather armour
rPois    .         Spirit   .   c - +1 helmet
rElec    .         Reflect  .   (no cloak)
rCorr    .         Harm     .   (no gloves)
MR       .....                  (no boots)
Stlth    ++........             (no amulet)
HPRegen  0.11/turn              i - ring of stealth
MPRegen  0.09/turn              (no ring)

@: lethally poisoned (0 -> -1)
A: repulsion field 1, demonic guardian 1
a: no special abilities


You were on level 2 of the Dungeon.
You were not hungry.

You visited 1 branch of the dungeon, and saw 2 of its levels.

You collected 220 gold pieces.

Inventory:

Hand Weapons
 a - a +0 war axe (weapon)
Missiles
 d - 3 throwing nets (quivered)
 g - 79 stones
 j - 16 bolts
Armour
 c - a +1 helmet (worn)
 k - a +3 leather armour (worn)
Jewellery
 i - a ring of stealth (left hand)
Scrolls
 h - 2 scrolls of identify
Comestibles
 f - 3 rations


   Skills:
 + Level 2.4 Fighting
 + Level 4.0 Axes
 + Level 1.8 Throwing
 + Level 1.3 Armour
 + Level 3.2 Dodging
 + Level 0.6 Stealth


You had 3 spell levels left.
You didn't know any spells.
Your spell library was empty.

Dungeon Overview and Level Annotations

Branches:
Dungeon (2/15)

Altars:


Innate Abilities, Weirdness & Mutations

You are surrounded by a mild repulsion field. (EV +2)
A weak demonic guardian rushes to your aid.


Message History

* * * LOW HITPOINT WARNING * * *
You feel sick.
You see here a leopard gecko corpse.
You feel yourself speed up.
* * * LOW HITPOINT WARNING * * *
You feel sick.
* * * LOW HITPOINT WARNING * * *
You feel sick.
You see here 9 stones.
The hobgoblin shouts!
* * * LOW HITPOINT WARNING * * *
You feel sick.
Found a stone staircase leading down.
You hit the hobgoblin.
You kill the hobgoblin!
* * * LOW HITPOINT WARNING * * *
You feel sick.
You see here a club.
You see here a club.
You die...

.#.# .#.# #..### ...# #.
.....# ..# .# ....># ..#
. ##.....# ÷.#
#.##$.....# ÷÷####### #
#.#.......##
........###.#......<...#
#.####...##.# #.@.......
..........#.###..##.##..
#..####...#)....).#.#
#..# #...........(# #..#
##..###†....##
#..#####.(....))..?#
#.........###..†..#.#
##.#####.........##.#
.....................


There were no monsters in sight!

Vanquished Creatures
  An adder (D:2)
  2 leopard geckos
  3 goblins (D:1)
  3 hobgoblins
  8 jackals
  3 kobolds
  3 bats (D:1)
  A frilled lizard (D:1)
  3 rats (D:1)
  3 fungi (D:1)
30 creatures vanquished.

Vanquished Creatures (collateral kills)
  A hound (D:2)
  Jessica (D:2)
  Natasha (twice) (D:2)
  A dart slug (D:2)
  A goblin (D:2)
  A kobold (D:2)
7 creatures vanquished.

Vanquished Creatures (others)
  A fungus (D:1)
1 creature vanquished.

Grand Total: 38 creatures vanquished

Notes
Turn   | Place    | Note
-------+----------+-------------------------------------------
     0 | D:1      | Tr0llz0r the Demonspawn Gladiator began the quest for the
                  | Orb.
     0 | D:1      | Reached XP level 1. HP: 16/16 MP: 1/1
   103 | D:1      | Reached skill level 3 in Axes
   367 | D:1      | Gained mutation: A weak demonic guardian rushes to your
                  | aid. [demonic ancestry]
   367 | D:1      | Reached XP level 2. HP: 18/22 MP: 2/2
   947 | D:2      | Noticed Jessica
   953 | D:2      | Killed Jessica
   953 | D:2      | Gained mutation: You are surrounded by a mild repulsion
                  | field. (EV +2) [demonic ancestry]
   953 | D:2      | Reached XP level 3. HP: 21/27 MP: 3/3
  1050 | D:2      | Noticed Natasha
  1055 | D:2      | Killed Natasha
  1063 | D:2      | HP: 1/27 [jackal (1)]
  1365 | D:2      | Noticed Natasha
  1376 | D:2      | Reached skill level 1 in Armour
  1376 | D:2      | Reached XP level 4. HP: 23/34 MP: 4/4
  1381 | D:2      | Killed Natasha
  1385 | D:2      | Reached skill level 4 in Axes
  1397 | D:2      | HP: 1/34 [poisoned by an adder]
  1404 | D:2      | Succumbed to an adder's poison

Skill      XL: |  1  2  3  4 |
---------------+-------------+-----
Axes           | 3 4 |  4.0
Dodging        | 3 |  3.2
Armour         | 1 |  1.3
Fighting       | |  2.4
Throwing       | |  1.8
Stealth        | |  0.6

Action                   |  1- 3 |  4- 6 || total
-------------------------+-------+-------++-------
Melee: War axe           |    70 |     7 ||    77
  Use: Scroll            |     6 |       ||     6
       Potion            |     1 |       ||     1
 Stab: Sleeping          |     1 |       ||     1
       Distracted        |       |     1 ||     1
  Eat: Ration            |     1 |       ||     1
Armor: Leather armour    |    28 |     4 ||    32
Dodge: Dodged            |    87 |    13 ||   100
